 Dungeon Crawl Stone Soup version 0.25-a0-420-g1cc7eeb0d1 (webtiles) character file.

Game seed: 2075749857801320870, levelgen mode: deterministic

37513 Eurus the Thaumaturge (level 13, -4/96 HPs)
             Began as a Mummy Conjurer on Jan 19, 2020.
             Was a High Priest of Ashenzari.
             Slain by a harpy skeleton (12 damage)
             ... in a volcano.
             The game lasted 02:06:34 (28815 turns).

Eurus the Thaumaturge (Mummy Conjurer)             Turns: 28815, Time: 02:06:34

Health: -4/96      AC: 12    Str: 14    XL:     13   Next: 58%
Magic:  14/30      EV: 31    Int: 20    God:    Ashenzari [*****.]
Gold:   520        SH:  0    Dex: 16    Spells: 31/38 levels left

rFire    + + .     SeeInvis +   q - +0 quarterstaff
rCold    + . .     Gourm    .   (shield currently unavailable)
rNeg     + + +     Faith    .   N - +0 leather armour of Qubasymm {rF+ MR+ Str+3} (curse)
rPois    ∞         Spirit   .   A - +0 helmet of Barenept {*Contam rF++ MR++} (curse)
rElec    .         Reflect  .   D - +2 cloak (curse)
rCorr    .         Harm     .   k - +0 pair of gloves
MR       +++++     Clarity  +   p - +0 pair of boots
Stlth    +++.......             a - amulet of the acrobat
HPRegen  0.26/turn              m - ring "Sahubigg" {rN+ MR+ Dex+4 Slay+2} (curse)
MPRegen  0.22/turn              v - +3 ring of protection (curse)

@: acrobat
A: no food or potions, fire vulnerability, cold resistance 1, negative energy
resistance 3, torment resistance, unbreathing, in touch with death 1
a: Curse Item, Scrying, Transfer Knowledge, Renounce Religion


You were in a volcano.
You worshipped Ashenzari.
Ashenzari was extremely pleased with you.
You were not hungry.

You visited 3 branches of the dungeon, and saw 18 of its levels.
You also visited: Sewer, Ossuary, Bailey and Volcano.

You collected 938 gold pieces.
You spent 418 gold pieces at shops.

Inventory:

Hand Weapons
 j - a +0 short sword of venom
 q - a +0 quarterstaff (weapon)
 x - the +3 glaive of Darkness {elec, SInv}
   (You found it on level 7 of the Dungeon)

   Occasionally, upon striking a foe, it will discharge some electrical energy
   and cause terrible harm.
   It lets you see invisible.
 z - a +4 hand axe
 C - a +2 rapier of freezing
Armour
 k - a +0 pair of gloves (worn)
 p - a +0 pair of boots (worn)
 s - a +2 robe of magic resistance
 t - a +4 ring mail
 A - the cursed +0 helmet of Barenept (worn) {*Contam rF++ MR++}
   (You acquired it on level 9 of the Dungeon)

   It greatly protects you from fire.
   It affects your resistance to hostile enchantments.
   It causes magical contamination when unequipped.
   It has a curse placed upon it.
 D - a cursed +2 cloak (worn)
 H - a +0 large shield
 N - the cursed +0 leather armour of Qubasymm (worn) {rF+ MR+ Str+3}
   (You bought it in a shop on level 8 of the Dungeon)

   It affects your strength (+3).
   It protects you from fire.
   It affects your resistance to hostile enchantments.
   It has a curse placed upon it.
Jewellery
 a - an amulet of the acrobat (around neck)
 h - an uncursed ring of protection from fire
 m - the cursed ring "Sahubigg" (left hand) {rN+ MR+ Dex+4 Slay+2}
   (You acquired it on level 7 of the Dungeon)

   [ring of slaying]

   It affects your dexterity (+4).
   It affects your accuracy and damage with ranged weapons and melee attacks
   (+2).
   It protects you from negative energy.
   It affects your resistance to hostile enchantments.
   It has a curse placed upon it.
 n - a +4 ring of intelligence
 o - an uncursed ring of ice
 u - an uncursed ring of wizardry
 v - a cursed +3 ring of protection (right hand)
 y - a +1 ring of evasion
 B - the cursed ring "Yletapuo" {+Inv rPois Str+3 Int-2}
   (You found it in a bailey)

   [ring of intelligence]

   It affects your strength (+3).
   It affects your intelligence (-2).
   It protects you from poison.
   It lets you turn invisible.
   It has a curse placed upon it.
 J - an uncursed ring of wizardry
 K - a +6 amulet of reflection
 M - a +1 ring of evasion
Wands
 c - a wand of disintegration (37)
 E - a wand of flame (47)
 G - a wand of iceblast (11)
 I - a wand of enslavement (7)
 L - a wand of scattershot (4)
Scrolls
 b - 2 scrolls of enchant armour
 d - 7 scrolls of remove curse
 e - 7 scrolls of identify
 f - a scroll of fog
 g - 3 scrolls of magic mapping
 i - 9 scrolls of blinking
 l - 4 scrolls of fear
 r - 8 scrolls of teleportation
 w - 4 scrolls of amnesia
 F - a scroll of torment


   Skills:
 - Level 7.0 Fighting
 + Level 9.2 Staves
 - Level 3.0 Armour
 + Level 4.1(6.6) Dodging
 - Level 3.1(5.4) Stealth
 - Level 4.5 Shields
 + Level 13.3 Spellcasting
 + Level 11.0(13.4) Conjurations
 + Level 5.2(7.9) Translocations


You had 31 spell levels left.
You knew the following spells:

 Your Spells              Type           Power        Failure   Level  Hunger
a - Magic Dart            Conj           ####         1%          1    N/A
b - Searing Ray           Conj           ######       1%          2    N/A
c - Iskenderun's Mystic   Conj/Tloc      ######..     1%          4    N/A

Your spell library contained the following spells:

 Spells                   Type           Power        Failure   Level  Hunger
 Dazzling Flash           Conj/Hex       #####.       1%          3    N/A
 Gell's Gravitas          Tloc           #####.....   1%          3    N/A
 Portal Projectile        Hex/Tloc       ####..       3%          3    N/A
 Fulminant Prism          Conj/Hex       #####.....   3%          4    N/A
 Corona                   Hex            ##.....      5%          1    N/A
 Summon Butterflies       Summ           ##......     5%          1    N/A
 Slow                     Hex            ##......     8%          2    N/A
 Call Canine Familiar     Summ           ##......     16%         3    N/A
 Confusing Touch          Hex            ##......     16%         3    N/A
 Inner Flame              Hex/Fire       ##......     16%         3    N/A
 Cause Fear               Hex            ##........   45%         4    N/A
 Leda's Liquefaction      Hex/Erth       ##........   45%         4    N/A
 Petrify                  Tmut/Erth      ##......     45%         4    N/A
 Summon Ice Beast         Ice/Summ       ##......     45%         4    N/A
 Metabolic Englaciation   Hex/Ice        ##........   82%         5    N/A
 Summon Mana Viper        Hex/Summ       ##......     82%         5    N/A
 Yara's Violent Unravell  Hex/Tmut       ##........   82%         5    N/A
 Summon Hydra             Summ           ##........   100%        7    N/A

Dungeon Overview and Level Annotations

Branches:
Dungeon (13/15)            Temple (0/1) D:6            Lair (4/6) D:9
 Shoals (0/4) Lair:4        Snake (0/4) Lair:2          Orc (1/2) D:12
  Sewer (visited)         Ossuary (visited)          Bailey (visited)
Volcano (1/1)
 Vaults: D:13-14

Altars:
Ashenzari
Dithmenos
Gozag
Hepliaklqana
Kikubaaqudgha
Okawaru
Qazlal
Trog
Uskayaw
Wu Jian
Xom
Zin

Shops:
D:8 *

Portals:
Abyss: D:11

Annotations:
D:11 2 transporters, Suel's ghost, journeyman GrEE
D:13 Jorgrun
Orc:1 Urug


Innate Abilities, Weirdness & Mutations

You do not eat or drink.
Your flesh is vulnerable to fire.
You are immune to poison.
Your flesh is cold resistant. (rC+)
You are immune to negative energy. (rN+++)
You are immune to unholy pain and torment.
You can survive without breathing.
You are in touch with the powers of death.


Message History

The gargoyle barely misses you.
Casting: Searing Ray (safe; 1% risk of failure)
Confirm with . or Enter, or press ? or * to list all spells.
Aiming: Searing Ray (safe; 1% risk of failure)
Press: ? - help, Shift-Dir - straight line, f/p - gargoyle
Aim: a gargoyle, wielding a +0 flail (severely damaged)
The searing ray hits the gargoyle but does no damage.
The gargoyle is severely damaged. (Press . to maintain the ray.)
The harpy skeleton misses you. The harpy skeleton closely misses you.
The harpy skeleton claws you but does no damage.
The harpy skeleton claws you.
* * * LOW HITPOINT WARNING * * *
The alligator skeleton bites you!
* * * LOW HITPOINT WARNING * * *
The alligator skeleton tail-slaps you but does no damage.
The searing ray misses the gargoyle.
The harpy skeleton closely misses you.
The harpy skeleton completely misses you.
The gargoyle misses you. The harpy skeleton claws you!
You die...

# ## .### ** ...### **
.....### *##### * , ,
.......#### *..⌠..#
≈.≈.......##########.....+ *
* ≈
≈≈≈§§§...≈'...8..9.'.....# *
*
≈≈≈≈§≈≈...'.....@Z.'..∩..+,*
≈≈≈≈≈....§'...8..Z.'.....#
≈§≈≈≈§§...##########.....#
≈§≈≈§≈§≈### { ..⌠..#
§§≈≈§§§## ###+#* * ≈§≈≈§§#*
* *, ,, * ≈§# *, ≈ ≈ ≈ +, ,
≈≈≈* * ,, , ,, , ≈≈ + ** *+
* *****


You could see a gargoyle, an alligator skeleton and a harpy skeleton.

Vanquished Creatures
  Snorg (Lair:2)
  Erolcha (D:11)
  2 hydras (Lair:2)
  6 two-headed ogres
  2 unseen horrors (D:10)
  The ghost of erthbison the Conjurer, a novice DrAE of Vehumet (D:6)
  An orb spider (shapeshifter) (D:13)
  An ugly thing (D:12)
  A wolf spider zombie (D:13)
  6 elephants
  Joseph (D:7)
  A torpor snail (Lair:3)
  2 molten gargoyles (D:13)
  A gargoyle (Volcano)
  6 spiny frogs
  A guardian serpent (Lair:2)
  A centaur skeleton (D:13)
  A rime drake (Lair:1)
  2 komodo dragons
  2 polar bears
  Grinder (D:3)
  3 trolls
  3 slime creatures (D:13)
  7 blink frogs
  2 hippogriffs
  3 flying skulls (Volcano)
  A spriggan (D:8)
  36 yaks
  A wyvern (D:9)
  A vampire (D:13)
  5 vampire mosquitoes
  8 water moccasins
  5 porcupines
  13 orc warriors
  Purgy (Sewer)
  2 ice beasts
  3 phantoms
  5 sky beasts
  3 black bears
  An eye of draining (D:10)
  A hornet zombie (D:6)
  A necrophage (D:11)
  4 ogres
  10 centaurs
  8 crocodiles
  A big kobold (D:12)
  17 bullfrogs
  An elf zombie (Ossuary)
  A wyvern skeleton (D:11)
  A water moccasin skeleton (D:9)
  3 scorpions
  13 killer bees
  9 wights
  5 lava snakes (D:13)
  A bullfrog zombie (D:6)
  7 crimson imps
  3 centaur zombies
  4 human zombies (Ossuary)
  4 hounds
  8 orc priests
  A jelly (D:10)
  21 orc wizards
  A gnoll shaman (D:8)
  2 bullfrog skeletons
  An iguana (D:8)
  8 worker ants
  A hell rat (Lair:4)
  2 big kobold zombies (Ossuary)
  2 mummies (Ossuary)
  A howler monkey zombie (D:9)
  A worker ant zombie (D:11)
  10 gnolls
  15 adders
  A shadow imp (D:9)
  2 oozes (D:1)
  2 adder zombies
  An adder skeleton (D:8)
  4 worms
  2 dart slugs
  9 leopard geckos
  55 orcs
  15 bats
  11 giant cockroaches
  17 hobgoblins
  4 jackals
  29 kobolds
  4 quokkas
  4 ball pythons
  11 frilled lizards
  13 goblins
  A goblin zombie (Ossuary)
  10 hobgoblin zombies (Ossuary)
  2 jackal zombies
  7 kobold zombies (Ossuary)
  A leopard gecko skeleton (D:5)
  A leopard gecko zombie (D:6)
  8 orc zombies (Ossuary)
  A quokka skeleton (D:6)
  6 rats
  A rat zombie (Ossuary)
534 creatures vanquished.

Vanquished Creatures (others)
  A fungus (Lair:3)
  4 plants
5 creatures vanquished.

Grand Total: 539 creatures vanquished

Notes
Turn   | Place    | Note
-------+----------+-------------------------------------------
     0 | D:1      | Eurus the Mummy Conjurer began the quest for the Orb.
     0 | D:1      | Reached XP level 1. HP: 13/13 MP: 4/4
   336 | D:1      | Reached XP level 2. HP: 19/19 MP: 0/5
   340 | D:1      | Learned a level 2 spell: Searing Ray
   358 | D:1      | Reached skill level 3 in Spellcasting
   844 | D:1      | Reached XP level 3. HP: 24/24 MP: 2/7
  1912 | D:2      | Reached XP level 4. HP: 30/30 MP: 7/9
  2370 | D:2      | Found an iron altar of Okawaru.
  2565 | D:2      | Found a hazy altar of Hepliaklqana.
  2649 | D:2      | Found an ancient bone altar of Kikubaaqudgha.
  2649 | D:2      | Found a faded altar of an unknown god.
  2654 | D:2      | Found a shadowy altar of Dithmenos.
  2656 | D:2      | Found an opulent altar of Gozag.
  2658 | D:2      | Found a bloodstained altar of Trog.
  2923 | D:3      | Noticed Grinder
  3036 | D:3      | Found a shattered altar of Ashenzari.
  3048 | D:3      | Became a worshipper of Ashenzari the Shackled
  3109 | D:3      | Reached XP level 5. HP: 28/35 MP: 5/10
  3169 | D:3      | Found a glowing drain.
  3177 | D:3      | Reached skill level 4 in Spellcasting
  3202 | Sewer    | Entered a sewer
  3381 | Sewer    | Noticed Purgy
  3414 | Sewer    | Killed Purgy
  3414 | Sewer    | Reached XP level 6. HP: 5/41 MP: 5/12
  3812 | D:3      | Reached skill level 5 in Conjurations
  4838 | D:4      | Reached skill level 5 in Spellcasting
  4930 | D:4      | Reached skill level 1 in Staves
  4930 | D:4      | Reached XP level 7. HP: 37/46 MP: 7/14
  5354 | D:5      | Entered Level 5 of the Dungeon
  5983 | D:5      | Reached * piety under Ashenzari
  6182 | D:5      | Reached XP level 8. HP: 52/52 MP: 13/16
  6622 | D:6      | Found a runed translucent door.
  6628 | D:6      | Noticed erthbison's ghost (novice DrAE)
  6674 | D:6      | Found a staircase to the Ecumenical Temple.
  6686 | D:6      | Reached skill level 6 in Spellcasting
  6806 | D:6      | Reached skill level 1 in Armour
  7565 | D:7      | Identified a scroll of acquirement
  7565 | D:7      | Identified the cursed +6 great sword of the Bouncing Lives
                  | {vorpal, rC- rN+ Int+4} (You acquired it on level 7 of the
                  | Dungeon)
  7565 | D:7      | Identified the cursed ring "Sahubigg" {rN+ MR+ Dex+4
                  | Slay+2} (You acquired it on level 7 of the Dungeon)
  7621 | D:6      | HP: 2/52 [orc/+0 flail (2)]
  7984 | D:7      | Reached skill level 7 in Spellcasting
  8017 | D:7      | Found a sand-covered staircase.
  8034 | Ossuary  | Entered an ossuary
  8489 | Ossuary  | Reached XP level 9. HP: 49/57 MP: 7/19
  9170 | D:7      | Got the glaive of Darkness {elec, SInv}
  9194 | D:7      | Noticed an angel
  9197 | D:7      | Found a shimmering altar of Xom.
  9198 | D:7      | Found a glowing silver altar of Zin.
  9287 | D:7      | Noticed Joseph
  9678 | D:7      | Found a stormy altar of Qazlal.
  9678 | D:7      | Found a hide-covered altar of Uskayaw.
  9723 | D:7      | Reached ** piety under Ashenzari
 10170 | D:8      | Found an ornate altar of the Wu Jian Council.
 10764 | D:8      | Reached skill level 1 in Fighting
 11050 | D:8      | Found Qicuin's General Store.
 11098 | D:8      | Reached skill level 8 in Spellcasting
 11518 | D:9      | Found a flagged portal.
 11524 | Bailey   | Entered a bailey
 11700 | Bailey   | Noticed an orc warlord
 11701 | Bailey   | Identified the cursed ring "Yletapuo" {+Inv rPois Str+3
                  | Int-2}
 11967 | Bailey   | Found a runed translucent gate.
 11967 | Bailey   | Found a runed translucent gate.
 11967 | Bailey   | Found a runed translucent gate.
 12204 | D:9      | Identified the Catalogue of the Unstoppable Souls (You
                  | acquired it on level 9 of the Dungeon)
 12204 | D:9      | Identified the cursed +0 helmet of Barenept {*Contam rF++
                  | MR++} (You acquired it on level 9 of the Dungeon)
 12312 | D:9      | Reached skill level 5 in Staves
 12312 | D:9      | Reached XP level 10. HP: 60/70 MP: 1/22
 12576 | D:9      | Reached *** piety under Ashenzari
 12647 | D:9      | Reached skill level 9 in Spellcasting
 12842 | D:9      | Noticed a two-headed ogre
 13190 | D:9      | Found a staircase to the Lair.
 13652 | D:9      | Killed a two-headed ogre
 13838 | D:9      | Reached skill level 10 in Spellcasting
 14263 | D:10     | Entered Level 10 of the Dungeon
 14302 | D:10     | Noticed an unseen horror
 14325 | D:10     | Killed an unseen horror
 14439 | D:10     | Found a stormy altar of Qazlal.
 15425 | D:10     | Noticed an unseen horror
 15436 | D:10     | Killed an unseen horror
 15436 | D:10     | Reached XP level 11. HP: 76/76 MP: 17/25
 15735 | D:10     | Noticed a two-headed ogre
 15739 | D:10     | Killed a two-headed ogre
 15739 | D:10     | Reached skill level 1 in Shields
 15832 | D:10     | Noticed a two-headed ogre
 15839 | D:10     | Killed a two-headed ogre
 16044 | D:11     | Reached **** piety under Ashenzari
 16275 | D:11     | Found a transporter.
 16414 | D:11     | Noticed a two-headed ogre
 16425 | D:11     | Killed a two-headed ogre
 16425 | D:11     | Reached skill level 11 in Spellcasting
 16674 | D:11     | Reached skill level 5 in Fighting
 16895 | D:11     | Noticed Erolcha
 17167 | D:11     | Found a transporter.
 17168 | D:11     | Found a one-way gate to the infinite horrors of the Abyss.
 17168 | D:11     | Noticed Suel's ghost (journeyman GrEE)
 17612 | D:11     | Killed Erolcha
 17898 | D:3      | Killed Grinder
 17969 | D:3      | Learned a level 4 spell: Iskenderun's Mystic Blast
 18122 | D:11     | Noticed a two-headed ogre
 18132 | D:11     | Killed a two-headed ogre
 18329 | D:12     | Reached skill level 1 in Translocations
 19325 | D:12     | Found a staircase to the Orcish Mines.
 19362 | D:12     | Noticed a two-headed ogre
 19369 | D:12     | Killed a two-headed ogre
 19369 | D:12     | Reached XP level 12. HP: 86/86 MP: 20/27
 20084 | D:13     | Reached skill level 10 in Conjurations
 20375 | D:13     | Noticed Jorgrun
 20816 | D:13     | Reached skill level 12 in Spellcasting
 21241 | D:13     | Noticed a death yak
 21387 | Lair:1   | Entered Level 1 of the Lair of Beasts
 23030 | Lair:2   | Noticed a four-headed hydra
 23045 | Lair:2   | Killed a four-headed hydra
 23331 | Lair:2   | Reached ***** piety under Ashenzari
 23582 | Lair:2   | Found a staircase to the Snake Pit.
 24420 | Lair:3   | Noticed Snorg
 24439 | Lair:2   | Gained mutation: You are in touch with the powers of death.
                  | [Mummy growth]
 24439 | Lair:2   | Reached XP level 13. HP: 40/94 MP: 21/29
 24982 | Orc:1    | Entered Level 1 of the Orcish Mines
 25094 | Orc:1    | Noticed Urug
 25543 | D:6      | Killed erthbison's ghost
 25670 | D:7      | Killed Joseph
 25908 | Lair:2   | Killed Snorg
 26336 | Lair:2   | Reached skill level 13 in Spellcasting
 27363 | Lair:3   | Reached skill level 5 in Translocations
 28247 | D:8      | Bought the +0 leather armour of Qubasymm {rF+ MR+ Str+3}
                  | for 418 gold pieces
 28487 | Lair:4   | Found a dark tunnel.
 28495 | Volcano  | Entered a volcano
 28815 | Volcano  | Slain by a harpy skeleton

Levels and vault maps discovered:
D:1:      dpeg_arrival_morbid_curiosity, layout_basic, minmay_misc_feat_five
D:2:      minmay_alternating_diamond, layout_rooms, marbit_many_paths,
          chequers_temple_overflow_minitemple, okawaru_ov_weapons_minmay,
          serial_forest, infiniplex_forest_lined_room_2,
          infiniplex_forest_straight_4, infiniplex_forest_straight_2,
          infiniplex_forest_end_2, infiniplex_forest_end_3,
          infiniplex_forest_lined_room_3, infiniplex_forest_clump_cross,
          infiniplex_forest_lined_ring, minmay_misc_feat_enclosed,
          minmay_pentomino_t4
D:3:      layout_rooms, cheibrodos_ashenzari_chains, first_ration,
          portal_sewer_entry_b, uniq_grinder
D:4:      layout_gridville, minmay_misc_feat_doors, hangedman_decor_opposing
D:5:      layout_rooms, chequers_serial_rivers_micro_b
D:6:      layout_rooms, minmay_temple_entry_ruins,
          ebering_ghost_reflecting_pool, grunt_potential
D:7:      layout_layer_cave, grunt_temple_overflow_order_and_chaos_1,
          gammafunk_temple_overflow_wave, serial_glass, glass_columns_a,
          glass_columns_c, enter_ossuary_1, uniq_joseph
D:8:      layout_loops_ring, overflow_temple_1_default, the_bakery,
          kennysheep_windowed_goal
D:9:      layout_irregular_city, dpeg_oklobed_lair, enter_bailey_3,
          grunt_ministairs_9
D:10:     layout_stronghold, grunt_qazlal_clouds
D:11:     layout_irregular_city, gammafunk_ghost_abyssal_escape, uniq_erolcha
D:12:     layout_irregular_city, david_orc_4
D:13:     cheibrodos_magma_flow, layout_irregular_city,
          minmay_fractal_squares_diagonal_5, uniq_jorgrun
Lair:1:   layout_gridlike, minivault_19, lemuel_fruit_fields
Lair:2:   layout_loops_ring, minmay_snake_entry_spellcaster
Lair:3:   layout_loops_ring, grunt_megastairs_1, infiniplex_staircase_pool_2,
          uniq_snorg
Lair:4:   layout_loops_ring, elwin_shoals_entry_rocks,
          lightli_volcano_entry_magma_tube, minivault_24,
          chequers_serial_rivers_room_a, minmay_stone_trees_small,
          uniq_josephine
Orc:1:    lemuel_ogre_cave, layout_caves, uniq_urug
Volcano:  volcano_tomb [vts_original]

Skill      XL: |  1  2  3  4  5  6  7  8  9 10 11 12 13 |
---------------+----------------------------------------+-----
Spellcasting   | 3 4 5 7 8 10 11 12 13 | 13.3
Stealth        | 2 3 |  3.1
Conjurations   | 4 5 6 7 8 9 10 11 | 11.0
Dodging        | 2 3 4 |  4.1
Staves         | 1 2 3 5 6 7 8 9 |  9.2
Armour         | 2 3 |  3.0
Fighting       | 3 5 6 7 |  7.0
Shields        | 3 4 |  4.5
Translocations | 1 4 5 |  5.2

Action                   |  1- 3 |  4- 6 |  7- 9 | 10-12 | 13-15 || total
-------------------------+-------+-------+-------+-------+-------++-------
Melee: Unarmed           |     1 |       |       |       |       ||     1
       Mace              |    44 |    43 |       |       |       ||    87
       Short sword       |       |    67 |     5 |       |       ||    72
       Quarterstaff      |       |       |   102 |   184 |    56 ||   342
 Cast: Magic Dart        |    55 |    94 |   358 |   443 |    84 ||  1034
       Searing Ray       |     4 |    16 |    40 |   134 |    67 ||   261
       Iskenderun's Myst |       |       |       |       |     8 ||     8
Invok: Curse Item        |       |       |       |       |     2 ||     2
  Use: Scroll            |       |       |    12 |     1 |       ||    13
 Stab: Sleeping          |     3 |     2 |     1 |       |     1 ||     7
Armor: Robe              |    12 |    34 |    63 |   142 |    42 ||   293
       Leather armour    |       |       |       |       |    21 ||    21
Dodge: Dodged            |    44 |    98 |   190 |   477 |   252 ||  1061

Table legend:
 A = Non-vault XP
 B = Vault XP
 C = Vault XP percentage of total XP
 D = Non-vault monster count
 E = Vault monster count
 F = Vault count percentage of total count
                 A         B        C        D         E       F
            +---------+---------+-------+---------+---------+-------
      Total |   43454 |   10136 |  18.9 |     392 |     142 |  26.6
            +---------+---------+-------+---------+---------+-------
        D:1 |      67 |       9 |  11.8 |      33 |       5 |  13.2
        D:2 |      35 |      30 |  46.2 |      17 |       7 |  29.2
        D:3 |     159 |     314 |  66.4 |      34 |       8 |  19.0
        D:4 |     511 |       0 |   0.0 |      27 |       0 |   0.0
        D:5 |     473 |      93 |  16.4 |      19 |       1 |   5.0
        D:6 |     622 |     948 |  60.4 |      10 |       5 |  33.3
        D:7 |     652 |     475 |  42.1 |      16 |       1 |   5.9
        D:8 |     467 |     446 |  48.8 |      16 |       4 |  20.0
        D:9 |    3871 |     290 |   7.0 |      44 |       5 |  10.2
       D:10 |    4424 |       0 |   0.0 |      25 |       0 |   0.0
       D:11 |    5069 |    1135 |  18.3 |      36 |       2 |   5.3
       D:12 |    3219 |     690 |  17.7 |      20 |      14 |  41.2
       D:13 |    3984 |    1348 |  25.3 |      15 |       9 |  37.5
     Lair:1 |    3237 |       0 |   0.0 |      15 |       0 |   0.0
     Lair:2 |    8125 |    2254 |  21.7 |      31 |       6 |  16.2
     Lair:3 |    8076 |     196 |   2.4 |      30 |       1 |   3.2
     Lair:4 |     421 |       0 |   0.0 |       3 |       0 |   0.0
      Orc:1 |      42 |       0 |   0.0 |       1 |       0 |   0.0
      Sewer |       0 |     149 | 100.0 |       0 |       6 | 100.0
    Ossuary |       0 |     433 | 100.0 |       0 |      39 | 100.0
     Bailey |       0 |     332 | 100.0 |       0 |      25 | 100.0
    Volcano |       0 |     994 | 100.0 |       0 |       4 | 100.0
            +---------+---------+-------+---------+---------+-------
